 Dungeon Crawl Stone Soup version 0.27-a0-1391-g48c30b3128 (webtiles) character file.

Game seed: 12927786245634083187

32259 2tc the Dealer of Despair (level 13, -1/117 HPs)
             Began as a Deep Dwarf Necromancer on June 28, 2021.
             Was an Elder of Kikubaaqudgha.
             Slain by an ogre (20 damage)
             ... on level 1 of the Orcish Mines on July 1, 2021.
             The game lasted 01:44:45 (27580 turns).

2tc the Dealer of Despair (Deep Dwarf Necromancer) Turns: 27580, Time: 01:44:49

Health: -1/117     AC: 11    Str: 13    XL:     13   Next: 30%
Magic:  10/18      EV: 13    Int: 24    God:    Kikubaaqudgha [****..]
Gold:   1031       SH:  5    Dex: 15    Spells: 5/23 levels left

rFire    . . .     SeeInvis .   g - staff of earth
rCold    . . .     Faith    .   r - +0 buckler {reflect}
rNeg     . . .     Spirit   .   j - +0 steam dragon scales
rPois    .         Reflect  +   a - +2 hat
rElec    .         Harm     .   u - scarf {shadows}
rCorr    .         Rampage  .   f - +2 pair of gloves
Will     +....     Clarity  +   (no boots)
Stlth    +++.......             (no amulet)
HPRegen  0.00/turn              s - +4 ring of slaying
MPRegen  0.16/turn              B - +6 ring of intelligence

@: no status effects
A: damage resistance, heal wounds, sense surroundings 2, no regeneration, talons
1, clarity
a: Heal Wounds, Renounce Religion, Receive Corpses


You were on level 1 of the Orcish Mines.
You worshipped Kikubaaqudgha.
Kikubaaqudgha was greatly pleased with you.
You visited 4 branches of the dungeon, and saw 18 of its levels.

You collected 1133 gold pieces.
You spent 102 gold pieces at shops.

Inventory:

Hand Weapons
 b - a +1 dagger
 m - a +3 whip of draining
Missiles
 i - 8 atropa-tipped darts
Armour
 a - a +2 hat (worn)
 d - a +2 robe of positive energy
 e - a +2 cloak
 f - a +2 pair of gloves (worn)
 j - +0 steam dragon scales (worn)
 r - a +0 buckler of reflection (worn)
 u - a scarf of shadows (worn)
Magical Staves
 g - a staff of earth (weapon)
 l - a staff of poison
Jewellery
 c - a ring of positive energy
 q - a ring of flight
 s - a +4 ring of slaying (left hand)
 w - a ring of fire
 y - a ring of positive energy
 B - a +6 ring of intelligence (right hand)
Wands
 h - a wand of paralysis (19)
 z - a wand of charming (4)
Scrolls
 k - 2 scrolls of brand weapon
 o - 2 scrolls of enchant weapon
 p - a scroll of teleportation
 v - 6 scrolls of identify
 x - a scroll of amnesia
Potions
 n - a potion of flight
 t - a potion of berserk rage


   Skills:
 - Level 8.0 Fighting
 - Level 12.0 Staves
 - Level 5.0 Armour
 - Level 4.0 Dodging
 - Level 5.0 Stealth
 - Level 4.0 Shields
 - Level 5.5 Spellcasting
 + Level 14.0 Necromancy
 - Level 5.0 Earth Magic
 - Level 4.0 Evocations


You had 5 spell levels left.
You knew the following spells:

 Your Spells              Type           Power      Damage    Failure   Level
a - Pain                  Necr           100%       1d9       1%          1
b - Vampiric Draining     Necr           32%        2d10      1%          3
c - Agony                 Necr           65%        N/A       1%          5
e - Dispel Undead         Necr           65%        3d22      1%          4
f - Borgnjor's Vile Clut  Necr/Erth      34%        N/A       4%          5

Your spell library contained the following spells:

 Spells                   Type           Power      Damage    Failure   Level
 Animate Skeleton         Necr           100%       N/A       1%          1
 Corpse Rot               Necr/Air       N/A        N/A       1%          2
 Sublimation of Blood     Necr           32%        N/A       1%          2
 Animate Dead             Necr           32%        N/A       1%          4
 Freeze                   Ice            24%        1d5       9%          1
 Summon Small Mammal      Summ           24%        N/A       9%          1
 Call Imp                 Summ           6%         N/A       13%         2
 Call Canine Familiar     Summ           6%         N/A       26%         3
 Frozen Ramparts          Ice            12%        1d3       26%         3
 Ozocubu's Armour         Ice            6%         N/A       26%         3
 Summon Guardian Golem    Hex/Summ       6%         N/A       26%         3
 Hailstorm                Conj/Ice       6%         3d4       63%         4
 Summon Ice Beast         Ice/Summ       6%         N/A       63%         4
 Summon Lightning Spire   Summ/Air       6%         N/A       63%         4
 Metabolic Englaciation   Hex/Ice        3%         N/A       93%         5
 Simulacrum               Ice/Necr       20%        N/A       58%         6


Dungeon Overview and Level Annotations

Branches:
Dungeon (13/15)            Temple (1/1) D:6            Lair (3/6) D:11
    Orc (1/2) D:10
  Swamp: Lair:2-4    Shoals: Lair:2-4     Snake: Lair:2-4    Spider: Lair:2-4
 Vaults: D:13-14

Altars:
Ashenzari
Cheibriados
Dithmenos
Elyvilon
Fedhas
Gozag
Hepliaklqana
Kikubaaqudgha
Makhleb
Nemelex Xobeh
Okawaru
Qazlal
Ru
Sif Muna
Trog
Uskayaw
Vehumet
Wu Jian
Xom
Yredelemnul
Zin
The Shining One

Shops:
D:5 [   D:6 =   D:10 (

Annotations:
D:4 exclusion: phantom
D:9 1 runed translucent door, 2 transporters, Johnny's ghost, novice DEEE
D:10 exclusions: centaur, komodo dragon, 2 two-headed ogres and zombie
D:12 exclusions: boulder beetle and kobold demonologist, Fannar; Urug
Lair:3 exclusion: catoblepas


Innate Abilities, Weirdness & Mutations

You are resistant to damage.
You can heal yourself by infusing magical energy.
You passively map the area around you.
You do not regenerate.
You have sharp toenails.
You possess an exceptional clarity of mind.


Message History

Casting: Vampiric Draining (safe; 1% risk of failure)
Confirm with . or Enter, or press ? or * to list all spells.
Aiming: Borgnjor's Vile Clutch (dangerous; 4% risk of failure)
Press: ? - help, Shift-Dir - straight line, f - cyclops
Aim: a cyclops, quivering large rocks (wandering, hasn't noticed you, 100% to hit)
You feel a surge of power!
The cyclops shouts!
Zombie hands grab the cyclops.
The zombie hands constrict the cyclops!
The cyclops throws a large rock.
The large rock hits you!!
* * * LOW HITPOINT WARNING * * *
You feel better.
The zombie hands constrict the cyclops!
You feel much better.
The zombie hands constrict the cyclops!
The cyclops struggles to escape constriction.
The zombie hands constrict the cyclops!
The cyclops throws a large rock.
The large rock hits you!!
* * * LOW HITPOINT WARNING * * *
A cyclops comes into view.
The zombie hands constrict the cyclops.
You kill the cyclops!
Kikubaaqudgha accepts your kill.
An ogre comes into view. It is wielding a +0 giant club.
Your Necromancy skill increases to level 14!
The ogre shouts!
Casting: Borgnjor's Vile Clutch (dangerous; 4% risk of failure)
Confirm with . or Enter, or press ? or * to list all spells.
Aiming: Vampiric Draining (safe; 1% risk of failure)
Press: ? - help, Shift-Dir - straight line, f - ogre
Aim: an ogre, wielding a +0 giant club You draw life force from the ogre!
You feel life coursing into your body. The ogre barely misses you.
Casting: Vampiric Draining (safe; 1% risk of failure)
Confirm with . or Enter, or press ? or * to list all spells.
Aiming: Vampiric Draining (safe; 1% risk of failure)
Press: ? - help, Shift-Dir - straight line, f/p - ogre
Aim: an ogre, wielding a +0 giant club (moderately wounded)
You draw life force from the ogre.
You feel life coursing into your body.
The ogre hits you with a +0 giant club!!
You die...
Kikubaaqudgha rasps: "You have failed me!
Welcome... death!"

^.........................# *
,
..........................##
*
,............................
.....$.................(#...
*
,.......#....................
......##....................
,,**......
#.................... *......
####O................ * * ,
,, #@................ * *,,
#......... , , , ** *
####......, , * * ###... , ,
** * *### *,,, * * * ** ** *
* , , * ** , , , , , ,, , ,,
* * *** **


You could see an ogre.

Vanquished Creatures
  Gastronok (D:9)
  Snorg (D:11)
  A catoblepas (Lair:2)
  5 hydras
  2 two-headed ogres
  2 death yaks (Lair:2)
  A deep elf pyromancer (D:12)
  An ugly thing (D:8)
  An orc sorcerer (Orc:1)
  4 cyclopes
  A manticore (D:12)
  4 black mambas
  Joseph (D:8)
  A rime drake (Lair:2)
  4 cane toads
  Psyche (D:12)
  An unseen horror (D:12)
  2 ice devils (Orc:1)
  4 komodo dragons
  3 trolls
  Prince Ribbit (D:9)
  Grinder (D:6)
  8 blink frogs
  8 dream sheep
  Sigmund (D:5)
  Eustachio (D:5)
  6 wyverns
  20 yaks
  A vampire mosquito (D:11)
  A basilisk (Lair:2)
  A steam dragon (D:8)
  Menkaure (D:6)
  3 wargs (Orc:1)
  A naga (shapeshifter) (D:8)
  Edmund (D:5)
  8 water moccasins
  2 acid dragons
  A necrophage (D:6)
  A black bear (D:7)
  5 orc warriors
  2 sky beasts
  A meliai simulacrum (D:11)
  4 ogres
  16 wolves
  4 centaurs
  A kobold brigand (D:10)
  7 bullfrogs
  A water moccasin zombie (D:5)
  3 scorpions
  9 killer bees
  A howler monkey (D:8)
  A bullfrog zombie (D:6)
  A centaur zombie (D:9)
  2 hounds
  A jelly (D:6)
  2 orc priests
  A bullfrog skeleton (D:6)
  9 iguanas
  15 orc wizards
  A killer bee zombie (D:9)
  A howler monkey zombie (D:11)
  3 gnolls (D:5)
  3 adders
  2 howler monkey skeletons
  3 worms
  5 dart slugs
  35 orcs
  7 endoplasms
  3 giant cockroaches
  11 goblins
  11 hobgoblins
  8 jackals
  3 quokkas
  8 ball pythons
  6 bats
  7 frilled lizards
  A goblin zombie (D:8)
  13 kobolds
  2 rats
327 creatures vanquished.

Vanquished Creatures (collateral kills)
  An ugly thing (D:11)
  3 vampire mosquitoes (D:11)
  A quasit (D:8)
  A hobgoblin zombie (D:8)
  3 orc skeletons (D:8)
  2 orc zombies (D:8)
11 creatures vanquished.

Vanquished Creatures (others)
  A blink frog (Lair:2)
  4 bushes
  19 fungi
  37 plants
61 creatures vanquished.

Grand Total: 399 creatures vanquished

Notes
Turn   | Place    | Note
-------+----------+-------------------------------------------
     0 | D:1      | 2tc the Deep Dwarf Necromancer began the quest for the Orb.
     0 | D:1      | Reached XP level 1. HP: 15/15 MP: 3/3
   260 | D:1      | Reached XP level 2. HP: 22/22 MP: 2/4
   348 | D:1      | Reached skill level 5 in Necromancy
  1301 | D:1      | Reached XP level 3. HP: 24/28 MP: 3/5
  1305 | D:1      | Learned a level 3 spell: Vampiric Draining
  1867 | D:2      | Reached skill level 6 in Necromancy
  2254 | D:2      | Reached XP level 4. HP: 24/36 MP: 3/6
  2304 | D:2      | Found a faded altar of an unknown god.
  2658 | D:2      | Found a glowing golden altar of the Shining One.
  4159 | D:4      | Noticed a phantom
  4356 | D:4      | Reached skill level 7 in Necromancy
  4356 | D:4      | Reached XP level 5. HP: 38/42 MP: 1/7
  4440 | D:4      | Reached skill level 1 in Armour
  5233 | D:5      | Entered Level 5 of the Dungeon
  5339 | D:5      | Found a white marble altar of Elyvilon.
  5339 | D:5      | Found Irul's Armour Shoppe.
  5388 | D:5      | Noticed an ogre
  5390 | D:5      | Reached skill level 1 in Shields
  5573 | D:5      | Killed an ogre
  5574 | D:5      | Reached XP level 6. HP: 44/49 MP: 0/8
  5673 | D:5      | Noticed a sky beast
  5689 | D:5      | Killed a sky beast
  5781 | D:5      | Bought a +0 buckler of reflection for 102 gold pieces
  5950 | D:5      | Noticed Eustachio
  6276 | D:5      | Noticed Edmund
  6302 | D:5      | Killed Edmund
  6384 | D:5      | Noticed Sigmund
  6405 | D:5      | Killed Sigmund
  6406 | D:5      | Reached XP level 7. HP: 42/55 MP: 5/11
  7381 | D:5      | Killed Eustachio
  7382 | D:5      | Reached skill level 5 in Staves
  7382 | D:5      | Reached XP level 8. HP: 37/62 MP: 2/12
  7866 | D:6      | Noticed Grinder
  8498 | D:6      | Found a staircase to the Ecumenical Temple.
  8507 | Temple   | Entered the Ecumenical Temple
  8711 | Temple   | Became a worshipper of Kikubaaqudgha
  8799 | D:6      | Killed Grinder
  8962 | D:6      | Found Uroemot's Jewellery Boutique.
  9157 | D:6      | Noticed Menkaure
  9172 | D:6      | Gained mutation: You have sharp toenails. [potion of
                  | mutation]
  9172 | D:6      | Gained mutation: You possess an exceptional clarity of
                  | mind. [potion of mutation]
  9192 | D:6      | Killed Menkaure
  9193 | D:6      | Gained mutation: You passively map the area around you.
                  | [Deep Dwarf growth]
  9193 | D:6      | Reached XP level 9. HP: 50/68 MP: 13/13
  9939 | D:7      | Reached skill level 8 in Necromancy
 10873 | D:8      | Reached * piety under Kikubaaqudgha
 10873 | D:8      | Received a gift from Kikubaaqudgha
 10874 | D:8      | Reached skill level 9 in Necromancy
 10983 | D:8      | Upgraded the game from 0.27-a0-1365-ge71e8f7681 to
                  | 0.27-a0-1391-g48c30b3128
 10989 | D:8      | Noticed a cyan ugly thing
 11023 | D:8      | Killed a cyan ugly thing
 11024 | D:8      | Reached skill level 10 in Necromancy
 11146 | D:8      | Found a blossoming altar of Fedhas.
 11205 | D:8      | Found a glowing golden altar of the Shining One.
 11416 | D:8      | Noticed a komodo dragon
 11941 | D:8      | Noticed Joseph
 12078 | D:8      | Killed Joseph
 12079 | D:8      | Reached skill level 11 in Necromancy
 12409 | D:8      | Found a burning altar of Makhleb.
 12414 | D:8      | Reached XP level 10. HP: 63/75 MP: 3/13
 12425 | D:8      | Learned a level 5 spell: Agony
 13132 | D:9      | Found a runed translucent door.
 13132 | D:9      | Found a shimmering altar of Xom.
 13132 | D:9      | Noticed Johnny's ghost (novice DEEE)
 13132 | D:9      | Noticed a +2 morningstar of chaos
 13420 | D:9      | Noticed Prince Ribbit
 13436 | D:9      | Killed Prince Ribbit
 13548 | D:9      | Noticed Gastronok
 13578 | D:8      | Reached skill level 10 in Staves
 14801 | D:9      | Killed Gastronok
 14802 | D:9      | Reached XP level 11. HP: 52/81 MP: 7/14
 14856 | D:9      | Found a transporter.
 14861 | D:9      | Noticed a fire crab
 14874 | D:9      | Found a transporter.
 14885 | D:9      | Noticed an orc sorcerer
 14990 | D:9      | Reached ** piety under Kikubaaqudgha
 15183 | D:10     | Entered Level 10 of the Dungeon
 15400 | D:10     | Found Entoef's Antique Weapon Shoppe.
 15482 | D:10     | Reached skill level 1 in Evocations
 15503 | D:10     | Found a broken altar of Ashenzari.
 15924 | D:10     | Reached skill level 1 in Fighting
 16276 | D:10     | Found a staircase to the Orcish Mines.
 16501 | D:10     | Noticed a two-headed ogre
 16604 | D:10     | Noticed a two-headed ogre
 16631 | D:10     | Found a snail-covered altar of Cheibriados.
 16737 | D:11     | Noticed Snorg
 16748 | D:11     | Noticed a green ugly thing
 16753 | D:11     | Killed a green ugly thing
 17530 | D:11     | Found a broken altar of Ashenzari.
 17854 | D:11     | Killed Snorg
 17855 | D:11     | Reached skill level 5 in Stealth
 17933 | D:11     | Found a staircase to the Lair.
 17967 | D:11     | Noticed an eight-headed hydra
 18110 | D:11     | Killed an eight-headed hydra
 18219 | D:11     | Reached skill level 12 in Necromancy
 18919 | Lair:1   | Entered Level 1 of the Lair of Beasts
 19710 | Lair:1   | Reached XP level 12. HP: 73/99 MP: 15/15
 19744 | Lair:1   | Reached skill level 13 in Necromancy
 19769 | Lair:1   | Reached *** piety under Kikubaaqudgha
 19769 | Lair:1   | Received a gift from Kikubaaqudgha
 19784 | Lair:1   | Learned a level 4 spell: Animate Dead
 19789 | Lair:1   | Learned a level 4 spell: Dispel Undead
 19829 | Lair:1   | Noticed a five-headed hydra
 19847 | Lair:1   | Killed a five-headed hydra
 20345 | Lair:1   | Reached skill level 5 in Spellcasting
 20507 | Lair:1   | Noticed a five-headed hydra
 20518 | Lair:1   | Killed a five-headed hydra
 20840 | Lair:1   | Noticed a six-headed hydra
 20845 | Lair:1   | Killed a six-headed hydra
 20954 | Lair:1   | Learned a level 5 spell: Borgnjor's Vile Clutch
 21398 | Lair:2   | Reached skill level 1 in Earth Magic
 21488 | Lair:2   | Noticed a death yak
 21545 | Lair:2   | Noticed a catoblepas
 21925 | Lair:2   | Noticed a death yak
 21928 | Lair:2   | Noticed a death yak
 22188 | Lair:2   | Reached skill level 5 in Earth Magic
 22665 | Lair:2   | Noticed a death yak
 22691 | Lair:2   | Killed a death yak
 22777 | Lair:2   | Reached skill level 5 in Armour
 22888 | Lair:2   | Killed a death yak
 23672 | Lair:2   | Noticed a catoblepas
 23889 | Lair:2   | Killed a catoblepas
 23890 | Lair:2   | Reached skill level 5 in Fighting
 24480 | Lair:3   | Noticed an eight-headed hydra
 24669 | Lair:3   | Noticed a catoblepas
 24794 | D:12     | Noticed an eight-headed hydra
 24797 | D:12     | HP: 1/105 [eight-headed hydra (9)]
 24800 | D:12     | Killed an eight-headed hydra
 24801 | D:12     | Reached XP level 13. HP: 14/112 MP: 3/18
 24942 | D:12     | Noticed Urug
 25515 | D:12     | Noticed Fannar
 25653 | D:12     | Noticed Psyche
 25663 | D:12     | Killed Psyche
 26634 | Orc:1    | Entered Level 1 of the Orcish Mines
 27356 | Orc:1    | Reached **** piety under Kikubaaqudgha
 27560 | Orc:1    | HP: 2/117 [cyclops/large rock (27)]
 27565 | Orc:1    | Reached skill level 14 in Necromancy
 27580 | Orc:1    | Slain by an ogre

Illustrated notes

Levels and vault maps discovered:
D:1:      heliophobic_arrival_enchanted_forest, layout_loops_corners
D:2:      cheibrodos_greedy_goblins, layout_basic, basic_altar,
          basic_ecumenical_altar
D:3:      layout_loops_ring, minivault_4, kennysheep_crisscross
D:4:      layout_loops_corners, chequers_serial_rivers_micro_a,
          supply_closet_lemuel
D:5:      layout_loops_corners, amcnicky_altar_gilded, serial_shops, shop,
          hangedman_decor_opposing, minivault_11, uniq_sigmund, uniq_eustachio,
          uniq_edmund
D:6:      layout_loops_corners, minmay_temple_entry_drinking_statues,
          serial_shops, shop, uniq_grinder, uniq_menkaure
D:7:      layout_loops_ring, minmay_misc_feat_square
D:8:      layout_basic, fedhas_altar_2, marbit_many_paths,
          nicolae_tso_besieged_by_evil, minmay_lizard_king, uniq_joseph
D:9:      gammafunk_wand_slinger, layout_basic, ebering_ghost_xom, serial_glass,
          glass_columns_a, glass_columns_a, glass_columns_c, glass_columns_c,
          glass_columns_a, glass_columns_c, uniq_gastronok, uniq_prince_ribbit1
D:10:     layout_cave_pools, nicolae_overflow_hidden_temple, david_orc_3,
          serial_shops, nicolae_shop_statue_plus, minmay_starry_boxes
D:11:     layout_stronghold, minmay_lair_entry_grove,
          cheibrodos_ashenzari_chains, uniq_snorg
D:12:     layout_stronghold, uniq_urug, uniq_psyche, uniq_fannar
D:13:     minmay_bloctagon, layout_irregular_city, lightli_wizard_tower,
          uniq_jorgrun, uniq_josephine
Temple:   regret_index_temple_sphere_string
Lair:1:   layout_layer_cave
Lair:2:   layout_misc_corridors, gauntlet_entry_generic,
          hangedman_lair_generics_rect, lemuel_fruit_fields, grunt_megastairs_4
Lair:3:   layout_loops_ring, minmay_shoals_entry_beasts,
          minmay_snake_entry_guardpost_medium, grunt_megastairs_3,
          serial_bayou_shore_a, lemuel_fruit_fields
Orc:1:    giant_chief_lemuel, layout_caves, portal_ice_cave_demonic_guard,
          enter_bailey_8

Skill      XL: |  1  2  3  4  5  6  7  8  9 10 11 12 13 |
---------------+----------------------------------------+-----
Necromancy     | 5 6 7 11 12 13 14 | 14.0
Armour         | 2 5 |  5.0
Shields        | 3 4 |  4.0
Spellcasting   | 3 5 |  5.5
Staves         | 2 5 8 11 12 | 12.0
Evocations     | 4 |  4.0
Fighting       | 4 6 8 |  8.0
Dodging        | 4 |  4.0
Stealth        | 5 |  5.0
Earth Magic    | 5 |  5.0

Action                   |  1- 3 |  4- 6 |  7- 9 | 10-12 | 13-15 || total
-------------------------+-------+-------+-------+-------+-------++-------
Melee: Dagger            |    77 |    26 |       |       |       ||   103
       Whip              |       |    23 |   105 |       |       ||   128
       Staff             |       |       |   119 |   462 |    31 ||   612
       Kick              |       |       |    40 |   145 |    12 ||   197
 Cast: Pain              |    66 |   104 |    68 |    65 |    13 ||   316
       Vampiric Draining |     5 |    16 |    86 |   240 |    45 ||   392
       Agony             |       |       |       |    35 |     4 ||    39
       Borgnjor's Vile C |       |       |       |    13 |     6 ||    19
       Animate Dead      |       |       |       |     1 |       ||     1
 Abil: Heal Wounds       |       |       |     1 |     3 |     1 ||     5
Evoke: Wand              |       |       |     1 |    20 |       ||    21
  Use: Scroll            |     3 |     8 |    12 |     7 |     2 ||    32
       Potion            |       |     8 |     8 |     7 |     1 ||    24
 Stab: Sleeping          |       |       |     4 |     3 |     2 ||     9
       Petrified         |       |       |       |     4 |       ||     4
Armor: Robe              |    16 |    10 |    90 |       |       ||   116
       Steam dragon scal |       |       |     3 |   227 |    23 ||   253
Dodge: Dodged            |    50 |    37 |   169 |   357 |    29 ||   642
Block: Buckler           |       |     7 |    56 |   124 |    11 ||   198
       Reflection        |       |       |     3 |     2 |       ||     5

Table legend: (Time is in decaauts)
 A = Elapsed time spent in this place.
 B = Non-inter-level travel time spent in this place.
 C = Inter-level travel time spent in this place.
 D = Time resting spent in this place.
 E = Time spent auto-exploring this place.
 F = Levels seen in this place.
 G = Mean time per level.
                   A        B        C        D        E       F      G
               +--------+--------+--------+--------+--------+-----+--------+
         Total |  27367 |  26145 |   1222 |   8522 |  13391 |  18 | 1520.4 |
       Dungeon |  20433 |  19474 |    959 |   6372 |  10114 |  13 | 1571.8 |
        Temple |    229 |    153 |     76 |      0 |    149 |   1 |  229.0 |
          Lair |   5769 |   5583 |    186 |   1984 |   2529 |   3 | 1923.0 |
  Orcish Mines |    935 |    935 |      0 |    166 |    599 |   1 |  935.0 |
               +--------+--------+--------+--------+--------+-----+--------+

Top non-repeatable levels by time:
  Lair:1: 3289 daAuts
     D:8: 2667 daAuts
  Lair:2: 2351 daAuts
     D:9: 2273 daAuts
    D:11: 2222 daAuts
     D:5: 2068 daAuts
    D:12: 1785 daAuts
     D:4: 1782 daAuts
     D:6: 1664 daAuts
     D:1: 1457 daAuts
     D:2: 1378 daAuts
    D:10: 1146 daAuts
     D:7: 1117 daAuts
   Orc:1: 935 daAuts
     D:3: 862 daAuts
